 Dungeon Crawl Stone Soup version 0.31-a0-265-gcf7e37af1d (webtiles) character file.

Game seed: 11926588675137220619

98 qw the Shooter (level 4, -4/36 HPs)
             Began as a Minotaur Hexslinger on July 13, 2023.
             Slain by Eustachio
             ... wielding a +0 rapier
              (5 damage)
             ... on level 3 of the Dungeon.
             The game lasted 00:01:01 (2793 turns).

qw the Shooter (Minotaur Hexslinger)                Turns: 2793, Time: 00:01:01

Health: -4/36      AC:  5    Str: 13      XL:     4   Next: 44%
Magic:  4/4        EV: 11    Int: 10      God:
Gold:   104        SH:  0    Dex: 13 (14) Spells: 4/5 levels left

rFire   . . .        i - +1 sling (heavy)
rCold   . . .        (no shield)
rNeg    . . .        d - +0 ring mail
rPois   .            (helmet restricted)
rElec   .            (no cloak)
rCorr   .            (no gloves)
SInv    .            (no boots)
Will    .....        (no amulet)
Stlth   +            (no ring)
HPRegen 0.26/turn    (no ring)
MPRegen 0.09/turn

%: no passive effects
@: no status effects
A: horns 2, retaliatory headbutt
a: no special abilities


You were on level 3 of the Dungeon.
You visited 1 branch of the dungeon, and saw 4 of its levels.

You collected 104 gold pieces.


Innate Abilities, Weirdness & Mutations

You have a pair of horns on your head.
You reflexively headbutt those who attack you in melee.


   Skills:
 - Level 2.0 Fighting
 + Level 4.8 Ranged Weapons
 - Level 1.0 Armour
 - Level 2.1 Dodging
 - Level 1.0 Spellcasting
 - Level 2.0 Hexes


You had 4 spell levels left.
You knew the following spells:

 Your Spells              Type           Power      Damage    Failure   Level
a - Slow                  Hex            16%        N/A       32%         1

Your spell library contained the following spells:

 Spells                   Type           Power      Damage    Failure   Level
 Inner Flame              Hex/Fire       2%         N/A       82%         3
 Portal Projectile        Hex/Tloc       4%         N/A       82%         3
 Cause Fear               Hex            2%         N/A       97%         4

Inventory:

Hand Weapons
 i - a +1 heavy sling (weapon)
Armour
 d - a +0 ring mail (worn)
Jewellery
 j - a ring of fire
Scrolls
 a - a scroll of identify
Potions
 b - a potion of attraction {unknown}
 c - a potion of mutation
 e - a potion of might {unknown}
 h - 2 potions of curing

Dungeon Overview and Level Annotations

Branches:
Dungeon (4/15)
 Temple: D:4-7

Altars:

Annotations:
D:3 Eustachio


Message History

The sling bullet hits the river rat!
You kill the river rat!
The river rat's corpse disappears in a puff of smoke!
The bat hits you but does no damage. The bat closely misses you.
You furiously retaliate!
You headbutt the bat!
You kill the bat!
The bat's corpse disappears in a puff of smoke!
Eustachio hits you with a +0 rapier.
The endoplasm hits you but does no damage.
The white imp gestures at you. The puff of frost hits you!
The endoplasm freezes you.
You are frozen.
Eustachio screams, "At last I'll have my revenge!"
Eustachio hits you with a +0 rapier.
The white imp hits you but does no damage.
You shoot a sling bullet. The sling bullet hits Eustachio.
Eustachio is severely wounded.
Eustachio hits you with a +0 rapier.
The endoplasm hits you but does no damage.
The quasit bites you but does no damage.
The quasit claws you but does no damage. x2
The white imp closely misses you. Eustachio barely misses you.
You furiously retaliate!
You headbutt Eustachio.
The endoplasm hits you but does no damage.
The quasit bites you.
You feel clumsy.
The quasit claws you but does no damage.
The quasit closely misses you.
You shoot a sling bullet.
The sling bullet barely misses Eustachio.
The sling bullet hits the ufetubus but does no damage.
The white imp hits you but does no damage.
Eustachio hits you but does no damage.
The endoplasm hits you but does no damage.
The quasit completely misses you.
The quasit claws you but does no damage.
The quasit claws you. The white imp hits you. The white imp freezes you.
Eustachio hits you with a +0 rapier.
You die...

#.#.# #..........%.##.
#[#.# #..#########.##.
#.#.########..########...#%
#..........................
###.....####..#####.#....##
#####.# #..# ##.###..## #.#
#..# #.## ##.# ####.####r.#
##.###.##
#.....J@@5.#####.#.##
#......55..........#
#.##.#######.####..#
##.##.# #.# #..#
##...#%#######.####..#####
##.........................
#.......#######.#.###.#####
##.......# #....##.##
##....#.# #........#


You could see Eustachio, a quasit (summoned), a river rat (summoned), a white
imp (summoned), an ufetubus (summoned) and an endoplasm.

Vanquished Creatures
  An adder (D:3)
  3 dart slugs
  An orc (D:3)
  10 bats
  5 endoplasms
  3 giant cockroaches
  9 goblins
  2 hobgoblins
  13 jackals
  4 quokkas
  4 ball pythons
  3 frilled lizards (D:1)
  11 kobolds
  3 rats
72 creatures vanquished.

Notes
Turn   | Place    | Note
-------+----------+-------------------------------------------
     0 | D:1      | qw the Minotaur Hexslinger began the quest for the Orb.
     0 | D:1      | Reached XP level 1. HP: 16/16 MP: 1/1
     0 | D:1      | 0 ||| qw: Version: 0.3-a-52-g30416fa
     0 | D:1      | 0 ||| qw: Game counter: 7595
     0 | D:1      | 0 ||| qw: Melee chars always use a shield: true
     0 | D:1      | 0 ||| qw: God list: Okawaru
     0 | D:1      | 0 ||| qw: Allow faded altars: false
     0 | D:1      | 0 ||| qw: Do Orc after clearing Dungeon:15 true
     0 | D:1      | 0 ||| qw: Do second Lair branch before Depths: true
     0 | D:1      | 0 ||| qw: Lair rune preference: random
     0 | D:1      | 0 ||| qw: Goals: Normal
     0 | D:1      | 0 ||| PLANNING D:1-11
    16 | D:1      | 16 ||| Stepping ~*~*~tactically~*~*~ (outnumbered).
    75 | D:1      | Reached skill level 3 in Ranged Weapons
    75 | D:1      | Reached XP level 2. HP: 23/23 MP: 2/2
   307 | D:1      | You fall into a shaft and drop 1 floor!
   338 | D:2      | 338 ||| UPGRADING to +0 ring mail.
   348 | D:2      | 348 ||| DROPPING +0 robe.
   349 | D:2      | 349 ||| DROPPING scroll of poison.
   522 | D:1      | 522 ||| Stepping ~*~*~tactically~*~*~ (water).
   592 | D:1      | Reached XP level 3. HP: 14/29 MP: 3/3
  1020 | D:1      | Reached skill level 4 in Ranged Weapons
  1361 | D:1      | 1361 ||| DROPPING scarf of shadows.
  1362 | D:1      | 1362 ||| READING 7 scrolls labelled MAOGUH VATETH.
  1363 | D:1      | 1363 ||| DRINKING 2 grey potions.
  1364 | D:1      | 1364 ||| READING 6 scrolls of identify.
  1364 | D:1      | 1364 ||| IDENTIFYING metallic red potion
  1365 | D:1      | 1365 ||| READING 5 scrolls of identify.
  1365 | D:1      | 1365 ||| IDENTIFYING smoky emerald potion
  1366 | D:1      | 1366 ||| READING 4 scrolls of identify.
  1366 | D:1      | 1366 ||| IDENTIFYING clear potion
  1367 | D:1      | 1367 ||| DROPPING potion of magic.
  1368 | D:1      | 1368 ||| DROPPING potion of ambrosia.
  1480 | D:2      | Reached skill level 1 in Armour
  1760 | D:2      | 1760 ||| Stepping ~*~*~tactically~*~*~ (outnumbered).
  1802 | D:2      | 1802 ||| FLEEEEING.
  1803 | D:2      | 1803 ||| FLEEEEING.
  2053 | D:2      | 2053 ||| READING 2 scrolls labelled HIWKIECZUE.
  2054 | D:2      | 2054 ||| READING scroll labelled YBRITY YHIJ YPORPH.
  2055 | D:2      | 2055 ||| READING scroll labelled OQELIM VIQYWAELE.
  2056 | D:2      | 2056 ||| READING 3 scrolls of identify.
  2056 | D:2      | 2056 ||| IDENTIFYING viscous ruby potion
  2057 | D:2      | 2057 ||| READING 2 scrolls of identify.
  2057 | D:2      | 2057 ||| IDENTIFYING red potion
  2058 | D:2      | 2058 ||| DROPPING scroll of noise.
  2059 | D:2      | 2059 ||| DROPPING potion of lignification.
  2060 | D:2      | 2060 ||| DROPPING potion of brilliance.
  2120 | D:3      | Reached XP level 4. HP: 36/36 MP: 4/4
  2763 | D:3      | 2763 ||| READING scroll labelled MASMAO GENTE.
  2781 | D:4      | Noticed Eustachio
  2786 | D:4      | 2786 ||| STAIRDANCE
  2791 | D:3      | HP: 8/36 [Eustachio/+0 rapier (3)]
  2793 | D:3      | HP: 1/36 [white imp[Eustachio] (3)]
  2793 | D:3      | Slain by Eustachio

Levels and vault maps discovered:
D:1:      heliophobic_arrival_ceremonial_halls, layout_basic, serial_rivers,
          chequers_serial_rivers_micro_e, chequers_serial_rivers_room_b,
          chequers_serial_rivers_micro_c, chequers_serial_rivers_large_a,
          chequers_serial_rivers_marsh, chequers_serial_rivers_micro_c,
          hangedman_decor_push, hangedman_decor_clover_reticule,
          minmay_door_square, dk_noncrumbling_3
D:2:      layout_loops_ring
D:3:      layout_loops_ring
D:4:      layout_gridville, minmay_temple_entry_statues_fountains, uniq_grinder,
          uniq_menkaure, uniq_pargi, uniq_eustachio

Skill      XL: |  1  2  3 |
---------------+----------+-----
Ranged Weapons | 3 4 |  4.8
Fighting       | 2 |  2.0
Armour         | 1 |  1.0
Dodging        | |  2.1
Spellcasting   | |  1.0
Hexes          | |  2.0

Action                     |  1- 3 |  4- 6 || total
---------------------------+-------+-------++-------
   Fire: Sling             |   164 |    50 ||   214
    Use: Scroll            |     9 |     1 ||    10
         Potion            |     1 |       ||     1
 Armour: Robe              |    13 |       ||    13
         Ring mail         |    20 |    29 ||    49
  Dodge: Dodged            |    56 |    25 ||    81

Table legend:
 A = Non-vault XP
 B = Vault XP
 C = Vault XP percentage of total XP
 D = Non-vault monster count
 E = Vault monster count
 F = Vault count percentage of total count
                 A         B        C        D         E       F
            +---------+---------+-------+---------+---------+-------
      Total |     141 |       0 |   0.0 |      72 |       0 |   0.0
            +---------+---------+-------+---------+---------+-------
        D:1 |      67 |       0 |   0.0 |      37 |       0 |   0.0
        D:2 |      28 |       0 |   0.0 |      15 |       0 |   0.0
        D:3 |      46 |       0 |   0.0 |      20 |       0 |   0.0
            +---------+---------+-------+---------+---------+-------
